 Dungeon Crawl Stone Soup version 0.21.1-1-g345015f (webtiles) character file.

341 Fang the Chopper (level 6, -11/39 HPs)
             Began as a Gargoyle Berserker on June 6, 2018.
             Was a Priest of Trog.
             Mangled by an ogre
             ... wielding a +0 giant club
              (21 damage)
             ... on level 4 of the Dungeon.
             The game lasted 00:03:30 (2358 turns).

Fang the Chopper (Gargoyle Berserker)               Turns: 2358, Time: 00:03:31

Health: -11/39     AC:  8    Str: 22    XL:     6   Next: 56%
Magic:  6/6        EV: 12    Int:  8    God:    Trog [***...]
Gold:   137        SH:  0    Dex:  9    Spells: 5/5 levels left

rFire    . . .     SeeInvis .   a - +0 hand axe
rCold    . . .     Gourm    .   (no shield)
rNeg     + . .     Faith    .   b - +0 animal skin
rPois    ∞         Spirit   .   (no helmet)
rElec    +         Reflect  .   (no cloak)
rCorr    .         Harm     .   k - +1 pair of gloves
MR       .....                  (no boots)
Stlth    +.........             (no amulet)
HPRegen  0.13/turn              (no ring)
MPRegen  0.10/turn              (no ring)

@: berserk cooldown, slowed, very slow
A: negative energy resistance 1, electricity resistance, unbreathing,
petrification resistance, rot immunity, AC +4
a: Berserk, Trog's Hand, Burn Spellbooks, Renounce Religion


You were on level 4 of the Dungeon.
You worshipped Trog.
Trog was most pleased with you.
You were near starving.

You visited 1 branch of the dungeon, and saw 4 of its levels.

You collected 137 gold pieces.

Inventory:

Hand Weapons
 a - a +0 hand axe (weapon)
Armour
 b - a +0 animal skin (worn)
 k - a +1 pair of gloves (worn)
Jewellery
 j - an uncursed amulet of the gourmand {unknown}
Scrolls
 d - 3 scrolls of identify
 l - 4 scrolls of remove curse {unknown}
 m - 2 scrolls of teleportation {unknown}
 n - a scroll of noise {unknown}
 o - a scroll of enchant armour {unknown}
 q - 3 scrolls of fog {unknown}
 s - 2 scrolls of blinking {unknown}
 u - a scroll of amnesia {unknown}
Potions
 e - 2 potions of mutation
 g - 2 potions of might {unknown}
 h - a potion of magic {unknown}
 i - a potion of heal wounds {unknown}
 p - a potion of curing
 r - a potion of brilliance {unknown}
 t - a potion of resistance {unknown}
Comestibles
 c - 9 rations


   Skills:
 + Level 4.5 Fighting
 + Level 5.0 Axes
 + Level 2.4 Armour
 + Level 3.0 Dodging
 + Level 0.4 Stealth


You had 5 spell levels left.
You didn't know any spells.

Dungeon Overview and Level Annotations

Branches:
Dungeon (4/15)             Temple (0/1) D:4

Altars:
Sif Muna
Wu Jian


Innate Abilities, Weirdness & Mutations

You are resistant to torment.
Your stone body is resilient. (AC +4)
You are immune to poison.
You resist negative energy. (rN+)
You are resistant to electric shocks. (rElec)
You can survive without breathing.
You are immune to petrification.
You are immune to rotting.


Message History

You are too injured to fight recklessly!
You are too injured to fight recklessly!
You are too injured to fight recklessly!
You are too injured to fight recklessly!
You are too injured to fight recklessly!
You are too injured to fight recklessly!
You are too injured to fight recklessly!
You are too injured to fight recklessly!
You are too injured to fight recklessly!
As you read the scroll labeled OVACWOP TAGUIMP, it crumbles to dust.
You feel aware of your surroundings.
You sensed 3 altars.
It was a scroll of magic mapping.
The ogre hits you with a giant club!
* * * LOW HITPOINT WARNING * * *
The adder bites you but does no damage.
As you read the scroll labeled LUEHO UPHOI, it crumbles to dust.
It is a scroll of identify.
e - 2 potions of mutation The ogre hits you with a giant club!!
Ouch! That really hurt!
You die...

####.....,****#.#.#**...,,,,,,,,,
..##....#######...###...,,,,,,,,,
........#.##.#..##.#....,,,,,,,,,
#*#......###.#..........,,,,,,,**
# ##..##...#............,,,,,,,**
## #...##...)...##......,,,,,,,,,
.###.#####..##..........,,,,,,,,,
.##...# *#..##....###..,,,,,,,,,,
......###...##..@.#*,,,,,,,,,,,,,
##...........#.WOS......,,,,,,,,,
##....##......#.........,,,,,,,,,
*#......................,,,**,,,,
*.....###..##...........,,,*,,,,,
..##..# #.###.....w.....,,,,,,,,,
..,,..#**,,,............,,,,,**,,
..**#..*,,,.............,,,,***,,
.#***..#,,,,,,,,,,,,,,,,,,,,,,,,,


You could see a phantom, an ogre, a worm and an adder.

Vanquished Creatures
  The ghost of MayorMcCheese the Slasher, an amateur DrBe of Trog (D:3)
  A bullfrog skeleton (D:4)
  8 adders
  3 oozes
  An adder skeleton (D:2)
  4 worms
  3 dart slugs
  2 leopard geckos
  4 orcs (D:3)
  7 giant cockroaches
  6 goblins
  6 hobgoblins
  3 quokkas
  2 bats (D:1)
  2 frilled lizards (D:2)
  6 kobolds
  12 rats
71 creatures vanquished.

Notes
Turn   | Place    | Note
-------+----------+-------------------------------------------
     0 | D:1      | Fang the Gargoyle Berserker began the quest for the Orb.
     0 | D:1      | Reached XP level 1. HP: 14/14 MP: 1/1
   278 | D:1      | Reached XP level 2. HP: 17/19 MP: 2/2
   415 | D:1      | Reached skill level 3 in Axes
   613 | D:2      | Reached XP level 3. HP: 14/24 MP: 3/3
   792 | D:2      | Found a deep blue altar of Sif Muna.
   900 | D:2      | Found an ornate altar of the Wu Jian Council.
  1060 | D:2      | Reached ** piety under Trog
  1069 | D:2      | Reached XP level 4. HP: 17/29 MP: 4/4
  1640 | D:3      | Noticed MayorMcCheese's ghost (amateur DrBe)
  1655 | D:3      | Killed MayorMcCheese's ghost
  1655 | D:3      | Reached skill level 4 in Axes
  1655 | D:3      | Reached XP level 5. HP: 34/34 MP: 5/5
  1655 | D:3      | Reached XP level 6. HP: 39/39 MP: 6/6
  2320 | D:4      | Reached *** piety under Trog
  2320 | D:4      | Reached skill level 5 in Axes
  2340 | D:4      | Noticed a phantom
  2358 | D:4      | Mangled by an ogre

Skill      XL: |  1  2  3  4  5  6 |
---------------+-------------------+-----
Axes           | 3 4 5 |  5.0
Dodging        | 2 3 |  3.0
Fighting       | 4 |  4.5
Armour         | |  2.4
Stealth        | |  0.4

Action                   |  1- 3 |  4- 6 || total
-------------------------+-------+-------++-------
Melee: Hand axe          |   106 |   192 ||   298
Invok: Berserk           |       |     2 ||     2
  Use: Scroll            |       |     2 ||     2
  Eat: Chunk             |       |     5 ||     5
Armor: Animal skin       |    33 |    72 ||   105
Dodge: Dodged            |    62 |   105 ||   167
